 Dungeon Crawl Stone Soup version 0.19-a0-1704-gbd66c22 (webtiles) character file.

91 GrosslyIncandescent the Insei (level 4, 0/35 HPs)
             Began as a Mummy Monk on Sept 27, 2016.
             Slain by a gnoll
             ... wielding a +0 whip
              (3 damage)
             ... on level 2 of the Dungeon.
             The game lasted 00:02:58 (2403 turns).

GrosslyIncandescent the Insei (Mummy Monk)          Turns: 2403, Time: 00:02:58

Health: 0/35       AC:  3    Str: 14    XL:     4   Next: 33%
Magic:  4/4        EV:  7    Int:  9    God:
Gold:   141        SH:  0    Dex: 15    Spells: 0 memorised, 3 levels left

rFire  x . .     SeeInvis .       - Unarmed
rCold  + . .     Gourm    .     (no armour)
rNeg   + + +     Faith    .     (no shield)
rPois  ∞         Spirit   .     (no helmet)
rElec  .         Dismiss  .     i - +0 cloak
rCorr  .         Reflect  .     b - +0 pair of gloves
MR     .....     Harm     .     (no boots)
Stlth  +.........               a - amulet of rage {Moon!}
                                c - ring of loudness (curse)
                                (no ring)

@: held
A: no food or potions, fire vulnerability, cold resistance 1, negative energy
resistance 3, torment resistance, unbreathing
a: no special abilities


You were on level 2 of the Dungeon.
You were not hungry.

You visited 1 branch of the dungeon, and saw 2 of its levels.

You collected 141 gold pieces.


Innate Abilities, Weirdness & Mutations

You do not eat or drink.
Your flesh is vulnerable to fire.
You are immune to poison.
Your flesh is cold resistant. (rC+)
You are immune to negative energy. (rN+++)
You are immune to unholy pain and torment.
You can survive without breathing.


   Skills:
 - Level 3.0 Fighting
 - Level 2.4 Dodging
 - Level 1.5 Stealth
 + Level 4.2 Unarmed Combat


You had 3 spell levels left.
You didn't know any spells.

Inventory:

Armour
 b - a +0 pair of gloves (worn)
 i - a +0 cloak (worn)
Jewellery
 a - an amulet of rage (around neck) {Moon!}
 c - a cursed ring of loudness (right hand)
Scrolls
 d - a scroll of identify {unknown}
 e - a scroll of amnesia {unknown}
 f - a scroll of fog {unknown}
 g - a scroll of random uselessness {unknown}
 h - a scroll of teleportation {unknown}
 j - a scroll of immolation {unknown}
 k - a scroll of fear {unknown}

Dungeon Overview and Level Annotations

Branches:
Dungeon (2/15)

Altars:

... ▒.▒ ▒.▒
▒[▒ ▒.▒ ▒.▒
.▒ ▒▒<▒▒▒▒)▒▒
▒.▒
......ggg▒
▒.▒
▒▒▒▒▒▒▒▒M▒
▒.▒
▒.▒▒▒▒▒▒.▒
▒.▒....▒.▒▒
▒▒...▒▒....▒
▒▒..▒▒.▒▒...▒
▒..▒▒.!.▒▒..▒
▒.▒▒.)...▒..▒
▒.▒..)▒...▒.▒
▒..▒..!%.▒▒.▒


You could see 3 gnolls.


Message History

You closely miss the gnoll!
The gnoll is severely wounded!
You beat the gnoll into a bloody pulp!
The gnoll is almost dead!
You closely miss the gnoll!
The gnoll is almost dead!
The gnoll closely misses you! The gnoll hits you with a whip!
You pummel the gnoll like a punching bag!
You annihilate the gnoll!!!
You closely miss the gnoll!
The gnoll throws a throwing net!
The throwing net hits you!
You become entangled in the net!!!
The gnoll hits you with a whip!
You tear a large gash into the net!
The gnoll hits you with a whip!!!
You struggle against the net!
The gnoll closely misses you!
The gnoll hits you with a whip! * * * don't die
* * * You struggle against the net!
The gnoll hits you with a club! * * * don't die
* * * The gnoll barely misses you!
You rip the net and break free!!!
The gnoll hits you with a club! * * * don't die
* * * The gnoll hits you with a whip! * * * don't die
* * * The gnoll throws a throwing net!
The throwing net hits you!
You become entangled in the net!!!
You see here a throwing net {=f}!
You struggle against the net!
The gnoll hits you with a whip! * * * don't die
* * * You struggle against the net!
The gnoll hits you with a whip! rip

Action                   |  1- 3 |  4- 6 || total
-------------------------+-------+-------++-------
Melee: Unarmed           |   175 |    38 ||   213
       Punch             |     1 |       ||     1
 Stab: Sleeping          |     1 |       ||     1
Armor: Skin              |    30 |     2 ||    32
Dodge: Dodged            |   113 |    26 ||   139

Vault maps used:
D:1:      minmay_arrival_solitary_statue
D:2:      ecumenical_altar_2, minmay_heptomino_w4

Notes
Turn   | Place    | Note
-------+----------+-------------------------------------------
     0 | D:1      | GrosslyIncandescent the Mummy Monk began the quest for the Orb.
     0 | D:1      | Reached XP level 1. HP: 18/18 MP: 1/1
   308 | D:1      | Reached XP level 2. HP: 13/24 MP: 2/2
   318 | D:1      | Reached skill level 3 in Unarmed Combat
  1055 | D:1      | Reached XP level 3. HP: 26/29 MP: 3/3
  1863 | D:2      | Found a faded altar of an unknown god.
  2147 | D:2      | Reached skill level 4 in Unarmed Combat
  2147 | D:2      | Reached XP level 4. HP: 33/35 MP: 4/4
  2402 | D:2      | HP: 3/35 [gnoll/whip (1)]
  2403 | D:2      | Slain by a gnoll

Vanquished Creatures
  A gnoll (D:2)
  3 adders (D:2)
  2 worms (D:2)
  3 leopard geckos
  2 ball pythons
  8 bats
  2 giant cockroaches (D:1)
  5 hobgoblins (D:1)
  A kobold (D:1)
  A quokka (D:2)
  5 frilled lizards
  6 goblins
  8 rats
47 creatures vanquished.
